| TOP OF THE 1ST |
|
Brockton Rox batting - Pitching for York Revolution : RHP Jamie Gordam
|
|
Pitching: RHP Jamie Gordam
|
|
|
Batting: LHB Robert Gonzalez
|
0-0: Ball 1-0: Ball 2-0: Fly out, F8 (Flyball, 8LD, EV 92.5 MPH)
|
|
Batting: RHB Willie Camacho
|
0-0: Called Strike 0-1: Foul Ball, location: 2F 0-2: Strikes out looking
|
|
Batting: RHB Bakhtiar Asadov
|
0-0: Called Strike 0-1: Ball 1-1: Swinging Strike 1-2: Ball 2-2: Strikes out swinging
|
| Top of the 1st over - 0 runs, 0 hits, 0 errors, 0 left on base; Brockton 0 - York 0 |
| BOTTOM OF THE 1ST |
|
York Revolution batting - Pitching for Brockton Rox : RHP Austin O'Connor
|
|
Pitching: RHP Austin O'Connor
|
|
|
Batting: LHB Jonathan Roman
|
0-0: Ball 1-0: Called Strike 1-1: Foul Ball, location: 2F 1-2: Ball 2-2: Ball 3-2: Strikes out swinging
|
|
Batting: RHB Ivan Barrientos
|
0-0: Ground out 5-3 (Groundball, 56S, EV 83.8 MPH)
|
|
Batting: LHB Eric Farren
|
0-0: Called Strike 0-1: Ball 1-1: Called Strike 1-2: Ball 2-2: Ball 3-2: DOUBLE (Line Drive, 9LM, EV 97.5 MPH)
|
|
Batting: RHB Dave Gallegos
|
0-0: Foul Ball, location: 2F 0-1: Ball 1-1: Ball 2-1: Called Strike 2-2: Fly out, F7 (Line Drive, 7, EV 88.1 MPH)
|
| Bottom of the 1st over - 0 runs, 1 hit, 0 errors, 1 left on base; Brockton 0 - York 0 |
| TOP OF THE 2ND |
|
Brockton Rox batting - Pitching for York Revolution : RHP Jamie Gordam
|
|
Batting: RHB Felix Rangel
|
0-0: Called Strike 0-1: Foul Ball, location: 2F 0-2: Foul Ball, location: 2F 0-2: Ball 1-2: Foul Ball, location: 2F 1-2: Ball 2-2: Ground out 1-3 (Groundball, 13S, EV 70.6 MPH)
|
|
Batting: LHB Kien-lung Zou
|
0-0: Called Strike 0-1: Swinging Strike 0-2: Ball 1-2: Strikes out swinging
|
|
Batting: RHB Mo Tsang
|
0-0: Ball 1-0: Ball 2-0: Ground out 5-3 (Groundball, 56S, EV 87.5 MPH)
|
| Top of the 2nd over - 0 runs, 0 hits, 0 errors, 0 left on base; Brockton 0 - York 0 |
| BOTTOM OF THE 2ND |
|
York Revolution batting - Pitching for Brockton Rox : RHP Austin O'Connor
|
|
Batting: RHB Eddie Serna
|
0-0: Ball 1-0: SINGLE (Groundball, 6MS, EV 74.4 MPH) (infield hit)
|
|
Batting: SHB Steve DeRienzo
|
0-0: Ball 1-0: Called Strike 1-1: Called Strike 1-2: Strikes out swinging
|
|
Batting: RHB Joel Gomez
|
0-0: Swinging Strike 0-1: Ball 1-1: Called Strike 1-2: Ball 2-2: Fly out, F9 (Flyball, 89D, EV 73.8 MPH)
|
|
Batting: RHB Simon Mergeni
|
0-0: Ball Eddie Serna steals 2nd base 1-0: Ground out 4-3 (Groundball, 4, EV 87.5 MPH)
|
| Bottom of the 2nd over - 0 runs, 1 hit, 0 errors, 1 left on base; Brockton 0 - York 0 |
| TOP OF THE 3RD |
|
Brockton Rox batting - Pitching for York Revolution : RHP Jamie Gordam
|
|
Batting: LHB Kenny Jackson
|
0-0: Foul Ball, location: 2F 0-1: Ball 1-1: Foul Ball, location: 2F 1-2: Strikes out swinging
|
|
Batting: RHB Estevan Carrillo
|
0-0: Ball 1-0: Foul Ball, location: 2F 1-1: Called Strike 1-2: Ball 2-2: Ball 3-2: Fly out, F7 (Flyball, 7LD, EV 108.1 MPH)
|
|
Batting: LHB Isaiah Spitzbarth
|
0-0: Ball 1-0: Ball 2-0: Called Strike 2-1: Foul Ball, location: 2F 2-2: Strikes out swinging
|
| Top of the 3rd over - 0 runs, 0 hits, 0 errors, 0 left on base; Brockton 0 - York 0 |
| BOTTOM OF THE 3RD |
|
York Revolution batting - Pitching for Brockton Rox : RHP Austin O'Connor
|
|
Batting: RHB Alexis Graciani
|
0-0: Ball 1-0: Called Strike 1-1: Ball 2-1: Swinging Strike 2-2: Ball 3-2: Strikes out swinging
|
|
Batting: LHB Jonathan Roman
|
0-0: Fly out, F7 (Flyball, 7, EV 93.8 MPH)
|
|
Batting: RHB Ivan Barrientos
|
0-0: Called Strike 0-1: Called Strike 0-2: Ball 1-2: Strikes out swinging
|
| Bottom of the 3rd over - 0 runs, 0 hits, 0 errors, 0 left on base; Brockton 0 - York 0 |
| TOP OF THE 4TH |
|
Brockton Rox batting - Pitching for York Revolution : RHP Jamie Gordam
|
|
Batting: LHB Robert Gonzalez
|
0-0: Foul Ball, location: 2F 0-1: Ball 1-1: Ball 2-1: SINGLE (Groundball, 56D, EV 100.0 MPH)
|
|
Batting: RHB Willie Camacho
|
0-0: Ball 1-0: Ball 2-0: Fly out, F9 (Flyball, 89M, EV 81.2 MPH)
|
|
Batting: RHB Bakhtiar Asadov
|
0-0: Ball 1-0: Called Strike Robert Gonzalez steals 2nd base 1-1: Called Strike 1-2: Foul Ball, location: 2F 1-2: Strikes out swinging
|
|
Batting: RHB Felix Rangel
|
0-0: Swinging Strike 0-1: Called Strike 0-2: Ball 1-2: Foul Ball, location: 2F 1-2: Strikes out swinging
|
| Top of the 4th over - 0 runs, 1 hit, 0 errors, 1 left on base; Brockton 0 - York 0 |
| BOTTOM OF THE 4TH |
|
York Revolution batting - Pitching for Brockton Rox : RHP Austin O'Connor
|
|
Batting: LHB Eric Farren
|
0-0: Ball 1-0: Fly out, F8 (Flyball, 78M, EV 85.6 MPH)
|
|
Batting: RHB Dave Gallegos
|
0-0: Foul Ball, location: 2F 0-1: Hit by Pitch
|
|
Batting: RHB Eddie Serna
|
0-0: Fly out, F9 (Flyball, 89M, EV 82.5 MPH)
|
|
Batting: SHB Steve DeRienzo
|
0-0: Ball 1-0: Ball 2-0: DOUBLE (Groundball, 3L, EV 99.4 MPH) Dave Gallegos to third Runner from 3rd tries for Home, SAFE, throw by RF to trailing runner, SAFE at third!
|
|
Batting: RHB Joel Gomez
|
0-0: Called Strike 0-1: Foul Ball, location: 2F 0-2: Ball 1-2: Ground out 5-3 (Groundball, 56S, EV 91.2 MPH)
|
| Bottom of the 4th over - 1 run, 1 hit, 0 errors, 1 left on base; Brockton 0 - York 1 |
| TOP OF THE 5TH |
|
Brockton Rox batting - Pitching for York Revolution : RHP Jamie Gordam
|
|
Batting: LHB Kien-lung Zou
|
0-0: Ball 1-0: Called Strike 1-1: Ball 2-1: Ground out 4-3 (Groundball, 4, EV 83.8 MPH)
|
|
Batting: RHB Mo Tsang
|
0-0: Foul Ball, location: 2F 0-1: Ground out 6-3 (Groundball, 6, EV 90.0 MPH)
|
|
Batting: LHB Kenny Jackson
|
0-0: Ball 1-0: Foul Ball, location: 2F 1-1: Ball 2-1: Foul Ball, location: 2F 2-2: Hit by Pitch
|
|
Batting: RHB Estevan Carrillo
|
0-0: Ball 1-0: Ball 2-0: Called Strike 2-1: Swinging Strike 2-2: Foul Ball, location: 2F 2-2: Foul Ball, location: 2F 2-2: Ball 3-2: Strikes out swinging
|
| Top of the 5th over - 0 runs, 0 hits, 0 errors, 1 left on base; Brockton 0 - York 1 |
| BOTTOM OF THE 5TH |
|
York Revolution batting - Pitching for Brockton Rox : RHP Austin O'Connor
|
|
Batting: RHB Simon Mergeni
|
0-0: Called Strike 0-1: Ball 1-1: Foul Ball, location: 2F 1-2: Foul Ball, location: 2F 1-2: Ball 2-2: Foul Ball, location: 2F 2-2: Strikes out looking
|
|
Batting: RHB Alexis Graciani
|
0-0: Foul Ball, location: 2F 0-1: Ball 1-1: Foul Ball, location: 2F 1-2: Strikes out looking
|
|
Batting: LHB Jonathan Roman
|
0-0: Foul Ball, location: 2F 0-1: Called Strike 0-2: Strikes out looking
|
| Bottom of the 5th over - 0 runs, 0 hits, 0 errors, 0 left on base; Brockton 0 - York 1 |
| TOP OF THE 6TH |
|
Brockton Rox batting - Pitching for York Revolution : RHP Jamie Gordam
|
|
Pitching: RHP Tony Machado
|
|
|
Batting: LHB Isaiah Spitzbarth
|
0-0: SINGLE (Line Drive, 8LS, EV 95.0 MPH)
|
|
Batting: LHB Robert Gonzalez
|
0-0: Called Strike 0-1: Hit by Pitch Isaiah Spitzbarth to second
|
|
Batting: RHB Willie Camacho
|
0-0: Ball 1-0: Ball 2-0: Ball 3-0: Called Strike 3-1: Base on Balls Isaiah Spitzbarth to third Robert Gonzalez to second
|
|
Batting: RHB Bakhtiar Asadov
|
0-0: Ball 1-0: Ball 2-0: SINGLE (Groundball, 5L, EV 99.4 MPH) Isaiah Spitzbarth scores Robert Gonzalez to third Willie Camacho to second
|
|
Pinch Hitting: RHB Kirk Cully
|
0-0: Ball 1-0: Called Strike 1-1: Foul Ball, location: 2F 1-2: Foul Ball, location: 2F 1-2: Foul Ball, location: 2F 1-2: Foul Ball, location: 2F 1-2: Ball 2-2: Ball 3-2: Strikes out swinging
|
|
Batting: LHB Kien-lung Zou
|
0-0: Called Strike 0-1: Called Strike 0-2: Foul Ball, location: 2F 0-2: Ball 1-2: Foul Ball, location: 2F 1-2: Ball 2-2: Ball 3-2: Strikes out swinging
|
|
Batting: RHB Mo Tsang
|
0-0: Fielders Choice at 2nd, 6-4 (Groundball, 6D, EV 84.4 MPH)
|
| Top of the 6th over - 1 run, 2 hits, 0 errors, 3 left on base; Brockton 1 - York 1 |
| BOTTOM OF THE 6TH |
|
York Revolution batting - Pitching for Brockton Rox : RHP Austin O'Connor
|
|
Now in RF: Panam Palmer
|
|
|
Batting: RHB Ivan Barrientos
|
0-0: Ball 1-0: Foul Ball, location: 2F 1-1: Ball 2-1: Ball 3-1: Called Strike 3-2: Strikes out swinging
|
|
Batting: LHB Eric Farren
|
0-0: Called Strike 0-1: Ball 1-1: Ball 2-1: Called Strike 2-2: Foul Ball, location: 2F 2-2: Ball 3-2: Base on Balls
|
|
Pitching: RHP Nherbert Silivan
|
|
|
Batting: RHB Dave Gallegos
|
0-0: SINGLE (Groundball, 6MD, EV 101.9 MPH) Eric Farren to second
|
|
Batting: RHB Eddie Serna
|
0-0: Ball 1-0: Fielders Choice at 2nd, 4-6 (Groundball, 4, EV 81.9 MPH) Eric Farren to third
|
|
Batting: SHB Steve DeRienzo
|
0-0: SINGLE (Groundball, 5D, EV 98.1 MPH) Eric Farren scores Eddie Serna to second Runner from 2nd tries for 3rd, SAFE, throw by LF made to third
|
|
Batting: RHB Joel Gomez
|
0-0: Ball 1-0: 3-RUN HOME RUN (Flyball, 89XD, EV 106.2 MPH), Distance : 405 ft
|
|
Pitching: RHP Tony Ramos
|
|
|
Batting: RHB Simon Mergeni
|
0-0: Foul Ball, location: 2F 0-1: Ball 1-1: Swinging Strike 1-2: Strikes out swinging
|
| Bottom of the 6th over - 4 runs, 3 hits, 0 errors, 0 left on base; Brockton 1 - York 5 |
| TOP OF THE 7TH |
|
Brockton Rox batting - Pitching for York Revolution : RHP Tony Machado
|
|
Batting: LHB Kenny Jackson
|
0-0: Foul Ball, location: 2F 0-1: Foul Ball, location: 2F 0-2: Strikes out swinging
|
|
Pinch Hitting: RHB Eric McClelland
|
0-0: Called Strike 0-1: Ball 1-1: Ball 2-1: SINGLE (Groundball, 6MD, EV 106.9 MPH)
|
|
Batting: LHB Isaiah Spitzbarth
|
0-0: Fly out, F9 (Line Drive, 9S, EV 85.6 MPH)
|
|
Batting: LHB Robert Gonzalez
|
0-0: Ball 1-0: Ball 2-0: Ball 3-0: Called Strike 3-1: Called Strike 3-2: SINGLE (Groundball, P, EV 89.4 MPH) (infield hit) Eric McClelland to second
|
|
Pitching: RHP Dave Gomez
|
|
|
Pinch Runner at 1st Danny Marquez:
|
|
|
Batting: RHB Willie Camacho
|
0-0: Ball 1-0: SINGLE (Groundball, 56S, EV 70.0 MPH) (infield hit) Eric McClelland to third Danny Marquez to second
|
|
Batting: RHB Bakhtiar Asadov
|
0-0: Foul Ball, location: 2F 0-1: Called Strike 0-2: Ball 1-2: Strikes out swinging
|
| Top of the 7th over - 0 runs, 3 hits, 0 errors, 3 left on base; Brockton 1 - York 5 |
| BOTTOM OF THE 7TH |
|
York Revolution batting - Pitching for Brockton Rox : RHP Tony Ramos
|
|
Now at 1B: Eric McClelland
|
|
|
Now at 3B: Danny Marquez
|
|
|
Now in CF: Kien-lung Zou
|
|
|
Batting: RHB Alexis Graciani
|
0-0: Called Strike 0-1: Fly out, F9 (Line Drive, 89M, EV 83.1 MPH)
|
|
Batting: LHB Jonathan Roman
|
0-0: Ball 1-0: Foul Ball, location: 2F 1-1: Foul Ball, location: 2F 1-2: Foul Ball, location: 2F 1-2: Ball 2-2: Foul Ball, location: 2F 2-2: Foul Ball, location: 2F 2-2: Ball 3-2: Ground out 6-3 (Groundball, 6, EV 81.9 MPH)
|
|
Batting: RHB Ivan Barrientos
|
0-0: Fly out, F8 (Flyball, 8RS, EV 85.0 MPH)
|
| Bottom of the 7th over - 0 runs, 0 hits, 0 errors, 0 left on base; Brockton 1 - York 5 |
| TOP OF THE 8TH |
|
Brockton Rox batting - Pitching for York Revolution : RHP Dave Gomez
|
|
Batting: RHB Panam Palmer
|
0-0: Swinging Strike 0-1: Swinging Strike 0-2: Ball 1-2: Foul Ball, location: 2F 1-2: Strikes out swinging
|
|
Batting: LHB Kien-lung Zou
|
0-0: Called Strike 0-1: Swinging Strike 0-2: Strikes out swinging
|
|
Batting: RHB Mo Tsang
|
0-0: Called Strike 0-1: Swinging Strike 0-2: Ball 1-2: Strikes out swinging
|
| Top of the 8th over - 0 runs, 0 hits, 0 errors, 0 left on base; Brockton 1 - York 5 |
| BOTTOM OF THE 8TH |
|
York Revolution batting - Pitching for Brockton Rox : RHP Tony Ramos
|
|
Batting: LHB Eric Farren
|
0-0: Ball 1-0: Called Strike 1-1: Ball 2-1: Swinging Strike 2-2: Fly out, F7 (Flyball, 7LM, EV 75.6 MPH)
|
|
Batting: RHB Dave Gallegos
|
0-0: Ball 1-0: SINGLE (Flyball, 6MD, EV 93.8 MPH)
|
|
Batting: RHB Eddie Serna
|
0-0: Ball 1-0: Fielders Choice at 2nd, 6-4 (Groundball, 6M, EV 90.6 MPH)
|
|
Batting: SHB Steve DeRienzo
|
0-0: Called Strike Eddie Serna steals 2nd, throwing error, E2 Eddie Serna to third 0-1: Ball 1-1: Foul Ball, location: 2F 1-2: Strikes out swinging
|
| Bottom of the 8th over - 0 runs, 1 hit, 1 error, 1 left on base; Brockton 1 - York 5 |
| TOP OF THE 9TH |
|
Brockton Rox batting - Pitching for York Revolution : RHP Dave Gomez
|
|
Pinch Hitting: SHB Robert Soto
|
0-0: Swinging Strike 0-1: Ball 1-1: Fly out, F6 (Popup, 6, EV 58.1 MPH)
|
|
Pinch Hitting: SHB Arihito Hiramoto
|
0-0: DOUBLE (Line Drive, 89M, EV 90.0 MPH)
|
|
Batting: LHB Isaiah Spitzbarth
|
0-0: Ball 1-0: Called Strike 1-1: Fly out, F4 (Popup, 4, EV 61.9 MPH)
|
|
Batting: SHB Danny Marquez
|
0-0: Ball 1-0: Called Strike 1-1: Foul Ball, location: 2F 1-2: Ground out 4-3 (Groundball, 4, EV 85.6 MPH)
|
| Top of the 9th over - 0 runs, 1 hit, 0 errors, 1 left on base; Brockton 1 - York 5 |
|